 Dungeon Crawl Stone Soup version 0.24.0-29-g8ce449bc06 (webtiles) character file.

Game seed: 1162952926644328337, levelgen mode: deterministic

53 Delamore the Chopper (level 3, 0/31 HPs)
             Began as a Hill Orc Fighter on Nov 14, 2019.
             Slain by a water moccasin (8 damage)
             ... on level 2 of the Dungeon.
             The game lasted 00:01:17 (944 turns).

Delamore the Chopper (Hill Orc Fighter)              Turns: 944, Time: 00:01:17

Health: 0/31       AC:  6    Str: 19    XL:     3   Next: 87%
Magic:  3/3        EV:  7    Int:  8    God:
Gold:   16         SH:  9    Dex: 10    Spells: 2/2 levels left

rFire    . . .     SeeInvis .   a - +0 war axe
rCold    . . .     Gourm    .   c - +0 shield
rNeg     . . .     Faith    .   b - +0 scale mail
rPois    +         Spirit   .   (no helmet)
rElec    .         Reflect  .   (no cloak)
rCorr    .         Harm     .   (no gloves)
MR       .....                  (no boots)
Stlth    ..........             (no amulet)
HPRegen  0.10/turn              h - ring of poison resistance
MPRegen  0.08/turn              (no ring)

@: lethally poisoned (0 -> -13)
A: no striking features
a: no special abilities


You were on level 2 of the Dungeon.
You were not hungry.

You visited 1 branch of the dungeon, and saw 2 of its levels.

You collected 16 gold pieces.

Inventory:

Hand Weapons
 a - a +0 war axe (weapon)
Missiles
 o - 6 curare-tipped darts (quivered)
Armour
 b - a +0 scale mail (worn)
 c - a +0 shield (worn)
Jewellery
 h - a ring of poison resistance (left hand)
 j - an uncursed ring of fire
 m - an uncursed amulet of faith
Scrolls
 e - 3 scrolls of identify {unknown}
 k - a scroll of teleportation {unknown}
Potions
 d - a potion of might
 g - a potion of brilliance {unknown}
 i - 2 potions of curing {unknown}
 l - a potion of haste {unknown}
 n - a potion of cancellation {unknown}
Comestibles
 f - 3 rations


   Skills:
 - Level 3.6 Fighting
 + Level 5.4 Axes
 - Level 3.2 Armour
 - Level 3.2 Shields


You had 2 spell levels left.
You didn't know any spells.
Your spell library was empty.

Dungeon Overview and Level Annotations

Branches:
Dungeon (2/15)

Altars:


Message History

The goblin wields a +0 hunting sling.
The goblin shoots a stone.
The stone hits you. The water moccasin closely misses you.
You slash the water moccasin!
The water moccasin is heavily wounded.
You feel sick. The water moccasin bites you.
The water moccasin barely misses you.
The goblin unwields a +0 hunting sling.
The goblin wields a +0 dagger.
The goblin closely misses you.
You are too injured to fight recklessly!
You are too injured to fight recklessly!
You feel sick.
The water moccasin bites you but does no damage.
You see here a scroll labeled PIYTRU HAMODA.
You feel sick.
* * * LOW HITPOINT WARNING * * *
You feel sick.
* * * LOW HITPOINT WARNING * * *
You feel sick.
The goblin unwields a +0 dagger.
The goblin wields a +0 hunting sling.
The goblin shoots a stone.
The stone hits you but does no damage. The water moccasin bites you!
You die...

##.. #####..#####.### ...
.........####.# ####.#
#####....†##..### .....
##.#..)....... # ...
#..###.##.####
..#..#.##### #.# #.##.#
#.....†gg..# #.# #.##.#
#$.######..####.####.#..#
#.S@......##...#####
#.####.##.##..##...#
#..#...##)....#..###
##...#######..†.## #####
#.....# #.....# #.....#
#.....# #.....#


You could see a water moccasin and 2 goblins.

Vanquished Creatures
  An adder (D:2)
  A dart slug (D:1)
  2 leopard geckos
  9 bats
  A giant cockroach (D:2)
  6 goblins
  4 hobgoblins
  4 jackals (D:1)
  A frilled lizard (D:1)
  4 kobolds
  4 rats
37 creatures vanquished.

Notes
Turn   | Place    | Note
-------+----------+-------------------------------------------
     0 | D:1      | Delamore the Hill Orc Fighter began the quest for the Orb.
     0 | D:1      | Reached XP level 1. HP: 19/19 MP: 1/1
    50 | D:1      | Reached skill level 3 in Axes
   106 | D:1      | Reached XP level 2. HP: 24/26 MP: 2/2
   179 | D:1      | Reached skill level 4 in Axes
   233 | D:1      | Reached XP level 3. HP: 27/31 MP: 3/3
   551 | D:2      | Reached skill level 5 in Axes
   934 | D:2      | Noticed a water moccasin
   944 | D:2      | Slain by a water moccasin

Levels and vault maps discovered:
D:1:      lightli_arrival_statue_moat, layout_rooms,
          chequers_serial_rivers_micro_b, minivault_26, st_stairs_3,
          minivault_23
D:2:      layout_rooms, chequers_arboretum, uniq_robin

Skill      XL: |  1  2  3 |
---------------+----------+-----
Axes           | 3 4 5 |  5.4
Fighting       | |  3.6
Armour         | |  3.2
Shields        | |  3.2

Action                   || total
-------------------------++-------
Melee: War axe           ||   130
Armor: Scale mail        ||    50
Dodge: Dodged            ||    57
Block: Shield            ||    81
